 Dungeon Crawl Stone Soup version 0.31-a0-321-g19405a7a6a (webtiles) character file.

Game seed: 13528361623207883396

82 cforsyth the Changeling (level 4, -3/34 HPs)
             Began as a Vampire Shapeshifter on July 18, 2023.
             Slain by an orc
             ... wielding a +0 whip
              (5 damage)
             ... on level 4 of the Dungeon.
             The game lasted 00:03:57 (2373 turns).

cforsyth the Changeling (Vampire Shapeshifter)      Turns: 2373, Time: 00:03:58

Health: -3/34      AC:  6    Str: 16    XL:     4   Next: 21%
Magic:  13/13      EV: 13    Int: 10    God:
Gold:   154        SH:  0    Dex: 14    Spells: 3/3 levels left

rFire   . .          .
                       - Unarmed
rCold   . . .        (no shield)
rNeg    . . .        a - +0 animal skin
rPois   .            (helmet currently unavailable)
rElec   .            (cloak currently unavailable)
rCorr   .            (gloves currently unavailable)
SInv    +            (boots currently unavailable)
Will    .....        (no amulet)
Stlth   +            d - ring of magical power
HPRegen 0.45/turn    q - +4 ring of protection
MPRegen 0.13/turn

%: no passive effects
@: mighty, brilliant, beast-form, healing quickly
A: beast (slay +2), alive, fangs 3, see invisible, vampiric 2
a: Exsanguinate, Begin Untransformation


You were on level 4 of the Dungeon.
You were a hulking beast.
You visited 1 branch of the dungeon, and saw 4 of its levels.

You collected 154 gold pieces.

Inventory:

Armour
 a - a +0 animal skin (worn)
Jewellery
 d - a ring of magical power (left hand)
 q - a +4 ring of protection (right hand)
Talismans
 c - a beast talisman
Wands
 o - a wand of mindburst (8)
Scrolls
 e - a scroll of fog {unknown}
 h - 3 scrolls of identify {unknown}
 i - 2 scrolls of revelation {unknown}
 k - a scroll of immolation {unknown}
 l - 3 scrolls of vulnerability {unknown}
 m - 3 scrolls of teleportation {unknown}
 r - a scroll of poison {unknown}
 s - a scroll of fear {unknown}
Potions
 b - a potion of lignification
 f - a potion of haste {unknown}
 g - a potion of berserk rage {unknown}
 j - a potion of might
 p - a potion of curing {unknown}


   Skills:
 + Level 2.5 Fighting
 + Level 3.0 Dodging
 + Level 3.1 Unarmed Combat
 + Level 3.8 Shapeshifting


You had 3 spell levels left.
You didn't know any spells.
Your spell library contained the following spells:

 Spells                   Type           Power      Damage    Failure   Level
 Ignite Poison            Fire/Tmut/Pois 0%         N/A       75%         3
 Sticky Flame             Conj/Fire      0%         2d3       98%         4
 Ignition                 Fire           0%         3d3       100%        8


Dungeon Overview and Level Annotations

Branches:
Dungeon (4/15)
 Temple: D:4-7

Altars:

Shops:
D:3 =


Innate Abilities, Weirdness & Mutations

You are a hulking beast.
Your limbs bulge with bestial killing power. (Slay +2)
Your natural rate of healing is accelerated.
You have razor-sharp teeth.
You have supernaturally acute eyesight. (SInv)
You are afflicted with vampirism and can become a bat while bloodless.


Message History

The orc priest invokes the aid of Beogh against you.
Pain shoots through your body!
You closely miss the orc priest.
The orc priest is moderately wounded.
Unknown command.
Okay, then.
Unknown command.
Found a yellow potion.
You see here a yellow potion.
The orc priest begins to cast a cantrip, but forgets the words!
You hear the slow hiss of an avalanche of sand nearby.
You closely miss the orc. You hit the orc.
The orc is moderately wounded.
The orc barely misses you.
You hit the orc.
The orc is heavily wounded.
The orc priest invokes the aid of Beogh against you.
Beogh smites you! The orc barely misses you.
You barely miss the orc. Your bite misses the orc.
The orc is heavily wounded.
The orc hits you but does no damage.
You barely miss the orc.
The orc is heavily wounded.
The orc closely misses you.
You barely miss the orc.
The orc is heavily wounded.
The orc closely misses you.
The orc priest calls down the wrath of Beogh upon you.
Beogh smites you!
* * * LOW HITPOINT WARNING * * *
It was a potion of might.
You feel very mighty all of a sudden.
The orc priest casts a cantrip, but nothing happens.
The orc hits you but does no damage.
It was a potion of brilliance.
You feel clever all of a sudden.
The orc priest calls upon Beogh to heal the orc.
The orc's wounds heal themselves!
The orc hits you with a +0 whip.
You die...

#.###########.# ##
.######.##.o!oo.....#####.
...........########.......
######.#### #.###### #o#
#o# #.# #># #.# .o.
#o#########o#...
#ooh........#####
###########


You could see an orc priest, an orc wizard (invisible) and an orc.

Vanquished Creatures
  An iguana (D:4)
  An adder (D:2)
  A worm (D:1)
  5 ball pythons
  7 bats
  An endoplasm (D:2)
  2 giant cockroaches
  6 goblins
  A hobgoblin (D:1)
  2 jackals (D:3)
  A quokka (D:2)
  4 frilled lizards (D:1)
  5 kobolds
  9 rats
46 creatures vanquished.

Notes
Turn   | Place    | Note
-------+----------+-------------------------------------------
     0 | D:1      | cforsyth the Vampire Shapeshifter began the quest for the
                  | Orb.
     0 | D:1      | Reached XP level 1. HP: 16/16 MP: 1/1
   303 | D:1      | Reached XP level 2. HP: 22/22 MP: 2/2
   907 | D:2      | Gained mutation: You are afflicted with vampirism and can
                  | become a bat while bloodless. [Vampire growth]
   907 | D:2      | Reached XP level 3. HP: 6/27 MP: 3/3
  1810 | D:3      | Found Xoec's Jewellery Shoppe.
  2319 | D:4      | Reached XP level 4. HP: 24/34 MP: 4/4
  2371 | D:4      | HP: 1/34 [orc priest/divine providence (12)]
  2373 | D:4      | Slain by an orc

Illustrated notes

Levels and vault maps discovered:
D:1:      giann_bridges, layout_basic, serial_bayou_pond_d, nicolae_wormholes
D:2:      layout_basic
D:3:      layout_basic, serial_shops, nicolae_shop_tiny_glass
D:4:      layout_loops_ring, nicolae_ossuary_entry_plus

Skill      XL: |  1  2  3 |
---------------+----------+-----
Fighting       | 2 |  2.5
Dodging        | 3 |  3.0
Unarmed Combat | 3 |  3.1
Shapeshifting  | |  3.8

Action                     |  1- 3 |  4- 6 || total
---------------------------+-------+-------++-------
  Melee: Unarmed           |   101 |    12 ||   113
         Bite              |    16 |       ||    16
         Punch             |     5 |       ||     5
    Use: Potion            |       |     2 ||     2
   Stab: Sleeping          |     1 |       ||     1
 Armour: Animal skin       |    20 |     3 ||    23
  Dodge: Dodged            |    59 |     4 ||    63

Table legend: (Time is in decaauts)
 A = Elapsed time spent in this place.
 B = Non-inter-level travel time spent in this place.
 C = Inter-level travel time spent in this place.
 D = Time resting spent in this place.
 E = Time spent auto-exploring this place.
 F = Levels seen in this place.
 G = Mean time per level.
                   A        B        C        D        E       F      G
               +--------+--------+--------+--------+--------+-----+--------+
         Total |   2366 |   2296 |     70 |      0 |   1943 |   4 |  591.5 |
       Dungeon |   2366 |   2296 |     70 |      0 |   1943 |   4 |  591.5 |
               +--------+--------+--------+--------+--------+-----+--------+

Top non-repeatable levels by time:
     D:2: 848 daAuts
     D:1: 845 daAuts
     D:3: 607 daAuts
     D:4: 64 daAuts
